 Dungeon Crawl Stone Soup version 0.10.0-21-g6e717ff character file.

7780 dchimera the Basher (level 11, -1/107 HPs)
             Began as an Ogre Wizard on Mar 9, 2012.
             Was a High Priest of Zin.
             Slain by a yak (6 damage)
             ... on Level 11 of the Dungeon.
             The game lasted 01:00:40 (16477 turns).

dchimera the Basher (Ogre Wizard)                  Turns: 16477, Time: 01:00:40

HP  -1/107       AC  4     Str 15      XL: 11   Next: 18%
MP   3/26        EV 10     Int 20      God: Zin [*****.]
Gold 724         SH  0     Dex  7      Spells:  5 memorised, 14 levels left

Res.Fire  : . . .   See Invis. : .   a - +1,+0 giant spiked club
Res.Cold  : . . .   Warding    : . . r - +1 robe
Life Prot.: . . .   Conserve   : .   (shield restricted)
Res.Acid. : . . .   Res.Corr.  : .   (helmet restricted)
Res.Poison: .       Clarity    : .   (no cloak)
Res.Elec. : .       Spirit.Shd : .   (gloves unavailable)
Sust.Abil.: . .     Stasis     : .   (boots unavailable)
Res.Mut.  : .       Ctrl.Telep.: .   h - amulet of the gourmand
Res.Rott. : .       Levitation : .   (no ring)
Gourmand  : +       Ctrl.Flight: .   l - ring of protection from magic

@: quite resistant to hostile enchantments, unstealthy
A: unfitting armour, breathe flames 1, fast metabolism 1, +10% hp, saprovore 1,
tough skin 1, Str +1, Dex -1
a: Recite, Vitalisation, Imprison, Sanctuary, Renounce Religion, Breathe Fire


You were on level 11 of the Dungeon.
You worshipped Zin.
Zin was exalted by your worship.
You were near starving.

You visited 2 branches of the dungeon, and saw 12 of its levels.

You collected 784 gold pieces.
You donated 80 gold pieces.

Inventory:

Hand weapons
 a - a +1,+0 giant spiked club (weapon)
Armour
 r - a +1 robe (worn)
Comestibles
 d - 3 meat rations
 g - 4 bread rations
Scrolls
 f - a scroll of teleportation
 m - 2 scrolls of detect curse
 s - a scroll of fog
 u - a scroll of curse jewellery {unknown}
 w - a scroll of blinking
 y - 2 scrolls of curse weapon {unknown}
 D - a scroll of amnesia
 E - 2 scrolls of fear
Jewellery
 h - an amulet of the gourmand (around neck)
 l - a ring of protection from magic (left hand)
 q - an uncursed ring of fire
Potions
 e - 2 potions of might
 n - 2 potions of invisibility {unknown}
 o - 2 potions of heal wounds
 p - 2 potions of curing
 t - a potion of magic
 v - 4 potions of agility
 x - 2 potions of restore abilities {unknown}
 z - a potion of brilliance {unknown}
 A - a potion of levitation {unknown}
 C - a potion of porridge {unknown}
Books
 c - a book of Minor Magic

   Spells                             Type                      Level
   *Magic Dart                        Conjuration                  1
   *Blink                             Translocation                2
   Call Imp                           Summoning                    2
   *Repel Missiles                    Charms/Air                   2
   Slow                               Hexes                        2
   *Conjure Flame                     Conjuration/Fire             3
   *Mephitic Cloud                    Conjuration/Poison/Air       3
 i - a book of Debilitation

   Spells                             Type                      Level
   Corona                             Hexes                        1
   Slow                               Hexes                        2
   Inner Flame                        Hexes/Fire                   3
   Enslavement                        Hexes                        4
   Cause Fear                         Hexes                        4
 F - a manual of Stabbing
Magical staves
 b - a +0 rod of warding (14/14)
   (You found it on level 4 of the Dungeon)


   Skills:
 - Level 7.6 Fighting
 * Level 10.8 Maces & Flails
 - Level 2.2 Dodging
 - Level 1.6 Stealth
 + Level 7.5 Spellcasting
 - Level 3.0 Conjurations
 - Level 0.6 Summonings
 - Level 3.9 Translocations
 - Level 3.1 Fire Magic
 - Level 2.4 Air Magic
 - Level 2.4 Poison Magic
 + Level 7.8 Invocations


You had 14 spell levels left.
You knew the following spells:

 Your Spells              Type           Power        Failure   Level  Hunger
a - Magic Dart            Conj           ####.        2%          1    None
c - Mephitic Cloud        Pois/Air/Conj  ####.....    10%         3    Sultana
f - Conjure Flame         Fire/Conj      ####.....    10%         3    Sultana
B - Blink                 Tloc           N/A          2%          2    None
D - Repel Missiles        Air/Chrm       ###.......   10%         2    None


Dungeon Overview and Level Annotations

Branches:
Dungeon (11/27)            Temple (1/1) D:5             Orc (0/4) D:7
   Lair: D:8-13

Altars:
Ashenzari
Cheibriados
Elyvilon
Fedhas
Kikubaaqudgha
Makhleb
Nemelex Xobeh
Okawaru
Sif Muna
The Shining One
Trog
Vehumet
Xom
Yredelemnul
Zin

Annotations
D:11 exclusion: 4 oklob plants


Innate Abilities, Weirdness & Mutations

You are too large for most types of armour.
You have a fast metabolism.
You can tolerate rotten meat.
You have tough skin (AC +1).
You can breathe flames.
You are robust (+10% HP).
Your muscles are strong, but stiff (Str +1, Dex -1).


Message History

Confirm with . or Enter, or press ? or * to list all spells.
Aiming: Conjure Flame
Press: ? - help, Dir - move target cursor, p - yak The fire roars!
The yak is engulfed in noxious fumes.
The yak appears confused.
The yak seems less confused.
Casting: Conjure Flame
Confirm with . or Enter, or press ? or * to list all spells.
Aiming: Mephitic Cloud
Press: ? - help, Shift-Dir - straight line, f - yak
Aim: a yak (moderately wounded)
The beam explodes into a vile cloud!
The stinking cloud engulfs the yak.
The yak is moderately wounded.
The yak is engulfed in noxious fumes.
Unknown command.
You barely miss the yak.
The yak is heavily wounded.
You are near starving!
The yak is engulfed in roaring flames.
The yak gores you.
You die...

∙P∙PP∙▄∙P∙∙∙∙%YhgC∙(∙∙∙∙∙∙∙▒
▒▒∙PPP∙∙∙∙∙Y∙▒▒▒▒h(∙∙∙∙∙∙∙∙∙▒
▒Ω∙∙∙P∙∙hPCΩΩ∙▒ ▒∙h∙∙∙∙∙∙∙∙∙▒
▒∙ΩP∙∙PPP∙∙∙∙∙▒ ▒∙^∙∙∙∙∙∙∙∙∙▒
▒%P∙∙P∙PP∙∙▒▒ ▒h∙∙∙∙∙∙∙∙∙∙▒
▒ΩΩ∙∙∙∙Ω%▒▒▒ ▒∙∙∙∙h∙∙∙∙∙∙▒
▒▒▒▒Ω∙▒▒▒▒ ▒∙∙∙∙∙∙∙∙∙∙∙▒
▒▒∙▒▒▒▒▒▒▒▒▒∙∙∙∙∙∙∙∙
▒∙Y∙##Y@#∙#∙∙∙f∙∙∙
▒▒▒▒▒▒▒▒▒▒▒∙∙∙∙∙ ∙


You could see 2 yaks and an active ballistomycete.

Vanquished Creatures
  Jozef (D:10)
  Prince Ribbit (D:9)
  The ghost of satrion the Firebug, an average OpFE of Vehumet (D:5)
  A wyvern (D:10)
  A yak (D:11)
  Grum (D:11)
  2 war dogs (D:11)
  2 hippogriffs (D:9)
  A manticore (D:9)
  A manticore zombie (D:9)
  An orc warrior (D:4)
  4 ice beasts
  A sky beast (D:7)
  4 phantoms
  4 ogres
  2 troll zombies (D:7)
  2 centaurs
  Sigmund (D:7)
  6 giant frogs
  A human zombie (D:9)
  6 killer bees (D:9)
  4 wights
  A big kobold zombie (D:9)
  5 ogre zombies (D:7)
  4 crimson imps
  An orc priest (D:9)
  A hound (D:9)
  2 goliath beetles
  An orange rat (D:9)
  3 scorpions
  8 worker ants
  A hound skeleton (D:9)
  5 iguanas
  2 worker ant zombies
  6 orc wizards
  4 jellies (D:9)
  Ijyb (D:7)
  A mummy (D:9)
  8 gnolls
  9 green rats (D:9)
  16 adders
  A giant centipede zombie (D:10)
  An iguana zombie (D:9)
  A shadow imp (D:9)
  2 adder skeletons
  A giant mite (D:7)
  2 worms
  11 grey rats
  A bat zombie (D:5)
  2 green rat zombies (D:9)
  An ooze (D:1)
  28 orcs
  3 ball pythons
  6 giant cockroaches
  15 goblins
  16 hobgoblins
  12 jackals
  18 bats
  5 giant geckos
  9 giant newts
  A goblin skeleton (D:7)
  A goblin zombie (D:7)
  A grey rat zombie (D:9)
  A jackal skeleton (D:6)
  20 kobolds
  23 orc zombies
  2 quokkas
  A quokka skeleton (D:5)
  48 rats
  A rat skeleton (D:7)
  2 rat zombies (D:9)
  8 toadstools
371 creatures vanquished.

Vanquished Creatures (collateral kills)
  An orc wizard (D:3)
1 creature vanquished.

Vanquished Creatures (others)
  A human (D:7)
  A big kobold skeleton (D:11)
  A white imp (D:2)
  A shadow imp (D:2)
  An orc (D:3)
  A giant spore (D:11)
  2 goblins
  A kobold (D:11)
  An orc zombie (D:7)
  A plant (D:11)
  34 toadstools
45 creatures vanquished.

Grand Total: 417 creatures vanquished

Notes
Turn   | Place    | Note
--------------------------------------------------------------
     0 | D:1      | dchimera, the Ogre Wizard, began the quest for the Orb.
     0 | D:1      | Reached XP level 1. HP: 14/14 MP: 5/5
     0 | D:1      | ive been on a roll early game with these OGRES
     0 | D:1      | im guessing im gonna get owned now
   191 | D:1      | Reached skill level 1 in Conjurations
   342 | D:1      | Reached XP level 2. HP: 22/22 MP: 7/7
   481 | D:1      | Learned a level 2 spell: Blink
   701 | D:1      | Reached skill level 4 in Spellcasting
   990 | D:1      | Reached XP level 3. HP: 28/28 MP: 1/10
  1133 | D:1      | Learned a level 2 spell: Call Imp
  1138 | D:1      | Learned a level 3 spell: Conjure Flame
  1750 | D:2      | Reached skill level 5 in Spellcasting
  2096 | D:2      | Reached XP level 4. HP: 33/36 MP: 1/13
  2102 | D:2      | Learned a level 3 spell: Mephitic Cloud
  2238 | D:2      | Reached skill level 1 in Fighting
  2806 | D:3      | Reached XP level 5. HP: 29/44 MP: 3/16
  3783 | D:2      | Reached skill level 6 in Spellcasting
  3916 | D:3      | Found a glowing golden altar of the Shining One.
  4036 | D:3      | Reached skill level 1 in Poison Magic
  4513 | D:3      | Reached XP level 6. HP: 52/52 MP: 4/18
  4785 | D:3      | Found a bloodstained altar of Trog.
  4949 | D:3      | Learned a level 2 spell: Repel Missiles
  5056 | D:4      | Reached skill level 1 in Air Magic
  5532 | D:4      | Reached XP level 7. HP: 51/58 MP: 1/19
  5756 | D:4      | Identified a +0 rod of warding (14/14) (You found it on level 4 of the Dungeon)
  5918 | D:4      | Gained mutation: You are robust (+10% HP).
  5918 | D:4      | Gained mutation: Your muscles are strong, but stiff (Str +1, Dex -1).
  5918 | D:4      | Gained mutation: You can breathe flames.
  5919 | D:4      | cool
  5919 | D:4      | fuck you zin
  5983 | D:5      | Entered Level 5 of the Dungeon
  6140 | D:5      | Noticed satrion's ghost (average OpFE)
  6467 | D:5      | Reached skill level 1 in Maces & Flails
  6467 | D:5      | Reached skill level 1 in Translocations
  6881 | D:5      | Killed satrion's ghost
  6882 | D:5      | fuck you fdfsgfdsh
  7058 | D:5      | Found a staircase to the Ecumenical Temple.
  7072 | Temple   | Entered the Ecumenical Temple
  7086 | Temple   | Became a worshipper of Zin the Law-Giver
  7086 | Temple   | Acquired Zin's first power
  7179 | D:5      | Reached XP level 8. HP: 73/73 MP: 8/21
  7686 | D:6      | Acquired Zin's second power
  8146 | D:6      | Acquired Zin's third power
  8581 | D:7      | Reached skill level 1 in Fire Magic
  8762 | D:7      | Noticed Sigmund
  8777 | D:7      | Killed Sigmund
  8936 | D:7      | Noticed an ogre zombie
  8995 | D:7      | Killed an ogre zombie
  9605 | D:7      | Reached skill level 1 in Invocations
  9605 | D:7      | Reached XP level 9. HP: 81/81 MP: 12/22
 10328 | D:7      | Noticed an ogre zombie
 10335 | D:7      | Killed an ogre zombie
 10548 | D:7      | Found an ancient bone altar of Kikubaaqudgha.
 10575 | D:7      | Noticed an ogre zombie
 10583 | D:7      | Killed an ogre zombie
 10886 | D:7      | Reached skill level 5 in Fighting
 10976 | D:7      | Noticed an ogre zombie
 10980 | D:7      | Noticed a troll zombie
 10988 | D:7      | Killed an ogre zombie
 11088 | D:7      | Found a staircase to the Orcish Mines.
 11100 | D:7      | Killed a troll zombie
 11183 | D:7      | Noticed an ogre zombie
 11218 | D:7      | Noticed an ogre zombie
 11230 | D:7      | Killed an ogre zombie
 11439 | D:7      | Noticed a troll zombie
 11451 | D:7      | Killed a troll zombie
 11587 | D:7      | Noticed Ijyb
 11617 | D:7      | Killed Ijyb
 11956 | D:8      | Found an iron altar of Okawaru.
 12552 | D:8      | You fall through a shaft!
 12592 | D:9      | Reached skill level 7 in Fighting
 12673 | D:9      | HP: 4/89 [poisoned by a killer bee]
 12681 | D:9      | HP: 4/89 [poisoned by a killer bee]
 12998 | D:9      | Reached XP level 10. HP: 75/100 MP: 12/23
 13193 | D:9      | Found an ancient bone altar of Kikubaaqudgha.
 13376 | D:9      | Found a burning altar of Makhleb.
 13475 | D:9      | Acquired Zin's fourth power
 13652 | D:9      | Reached skill level 5 in Invocations
 13682 | D:9      | Noticed Prince Ribbit
 13692 | D:9      | Killed Prince Ribbit
 13692 | D:9      | Reached skill level 5 in Maces & Flails
 13693 | D:9      | lol
 13975 | D:9      | holyfuck
 14029 | D:9      | Noticed a manticore zombie
 14066 | D:9      | Killed a manticore zombie
 14553 | D:9      | Found a shimmering altar of Xom.
 14619 | D:9      | Found a deep blue altar of Sif Muna.
 14736 | D:9      | lol
 14752 | D:10     | Entered Level 10 of the Dungeon
 15142 | D:10     | Noticed Jozef
 15241 | D:10     | HP: 1/100 [Jozef/great mace (15)]
 15245 | D:10     | Killed Jozef
 15245 | D:10     | Reached skill level 9 in Maces & Flails
 15513 | D:10     | Reached XP level 11. HP: 94/107 MP: 26/26
 16279 | D:8      | Reached skill level 10 in Maces & Flails
 16413 | D:11     | Noticed Grum
 16421 | D:11     | Found a blossoming altar of Fedhas.
 16464 | D:11     | HP: 2/107 [war dog[Grum] (9)]
 16467 | D:11     | Killed Grum
 16477 | D:11     | Slain by a yak
